 Dungeon Crawl Stone Soup version 0.32-a0-768-g0f6f1dd4b9 (webtiles) character file.

Game seed: 18052342750579108073

33 dialectric the Trooper (level 3, 0/29 HPs)
             Began as a Demonspawn Berserker on Mar 18, 2024.
             Was a Follower of Trog.
             Constricted to death by a ball python (2 damage)
             ... on level 1 of the Dungeon.
             The game lasted 00:00:40 (404 turns).

dialectric the Trooper (Demonspawn Berserker)        Turns: 404, Time: 00:00:40

Health: 0/29       AC:  2    Str: 19    XL:     3   Next: 12%
Magic:  3/3        EV:  1    Int:  7    God:    Trog [*.....]
Gold:   25         SH:  0    Dex: 12    Spells: 2/2 levels left

rFire   . . .        a - +0 mace
rCold   . . .        (no shield)
rNeg    . . .        b - +0 animal skin
rPois   .            (no helmet)
rElec   .            (no cloak)
rCorr   .            (no gloves)
SInv    .            (no boots)
Will    .....        (no amulet)
Stlth   +            (no ring)
HPRegen 0.24/turn    (no ring)
MPRegen 0.08/turn

%: no passive effects
@: on berserk cooldown, slowed, constricted, very slow
A: claws 1
a: Renounce Religion, Berserk


You were on level 1 of the Dungeon.
You worshipped Trog.
Trog was aware of your devotion.
You visited 1 branch of the dungeon, and saw 1 of its levels.

You collected 25 gold pieces.

Inventory:

Hand Weapons
 a - a +0 mace (weapon)
Armour
 b - a +0 animal skin (worn)
Jewellery
 e - a +6 ring of dexterity
Scrolls
 c - 2 scrolls of identify {unknown}
 f - a scroll of immolation {unknown}
Potions
 d - a potion of attraction {unknown}


   Skills:
 + Level 3.3 Fighting
 * Level 3.1 Maces & Flails
 + Level 2.2 Armour
 + Level 2.2 Dodging


You had 2 spell levels left.
You didn't know any spells.
Your spell library was empty.

Dungeon Overview and Level Annotations

Branches:
Dungeon (1/15)

Altars:

Annotations:
D:1 1 runed translucent door


Innate Abilities, Weirdness & Mutations

You have sharp fingernails.


Message History

Trog accepts your kill. The jackal misses you. The jackal bites you.
You closely miss the jackal. The jackal closely misses you.
The jackal bites you.
You miss the jackal.
The jackal bites you but does no damage.
The jackal bites you. The jackal closely misses you.
You sock the jackal!
You kill the jackal!
Trog accepts your kill. The jackal completely misses you.
You barely miss the ball python. The ball python bites you.
The ball python closely misses you. The jackal barely misses you.
You barely miss the ball python. The ball python barely misses you.
The ball python grabs you. The ball python constricts you.
The jackal bites you but does no damage.
You closely miss the ball python.
You are no longer berserk.
You are exhausted.
You feel yourself slow down.
The jackal bites you but does no damage.
The ball python bites you. The ball python constricts you.
The jackal bites you but does no damage.
Unknown command.
You closely miss the ball python. The ball python bites you.
* * * LOW HITPOINT WARNING * * *
The ball python constricts you.
* * * LOW HITPOINT WARNING * * *
The jackal bites you.
* * * LOW HITPOINT WARNING * * *
The ball python barely misses you. The ball python constricts you.
The jackal bites you but does no damage.
The ball python bites you but does no damage.
The ball python constricts you.
* * * LOW HITPOINT WARNING * * *
You barely miss the ball python. The jackal bites you.
* * * LOW HITPOINT WARNING * * *
The ball python bites you but does no damage.
The ball python constricts you.
You die...

## .... #....###### ###
#.........# #.#
#.........###.##
#..............# ######
#.........###.###......
#..........S.†..$......
#.......@h##....####
#.....†..[...........
#....†.......#....g..
#######.##.########## #
#.....# ..#. #.....# #...
#.....# ########..
#########.....#####....#....
..............#........#.# .


You could see a jackal and a ball python.

Vanquished Creatures
  A dart slug (D:1)
  A bat (D:1)
  3 endoplasms (D:1)
  3 giant cockroaches (D:1)
  2 goblins (D:1)
  7 hobgoblins (D:1)
  3 jackals (D:1)
  A frilled lizard (D:1)
  2 kobolds (D:1)
  2 rats (D:1)
25 creatures vanquished.

Notes
Turn   | Place    | Note
-------+----------+-------------------------------------------
     0 | D:1      | dialectric the Demonspawn Berserker began the quest for the
                  | Orb.
     0 | D:1      | Reached XP level 1. HP: 18/18 MP: 1/1
     1 | D:1      | Found a runed translucent door.
    99 | D:1      | Gained mutation: You have sharp fingernails. [demonic
                  | ancestry]
    99 | D:1      | Reached XP level 2. HP: 17/24 MP: 2/2
   367 | D:1      | Reached XP level 3. HP: 26/29 MP: 3/3
   404 | D:1      | Constricted to death by a ball python

Illustrated notes

Levels and vault maps discovered:
D:1:      dpeg_arrival_caged_fury, layout_basic

Skill      XL: |  1  2 |
---------------+-------+-----
Armour         | 2 |  2.2
Dodging        | 2 |  2.2
Maces & Flails | 3 |  3.1
Fighting       | |  3.3

Action                     || total
---------------------------++-------
  Melee: Mace              ||    59
 Invoke: Berserk           ||     3
 Armour: Animal skin       ||    66
  Dodge: Dodged            ||    51

Table legend: (Time is in decaauts)
 A = Elapsed time spent in this place.
 B = Non-inter-level travel time spent in this place.
 C = Inter-level travel time spent in this place.
 D = Time resting spent in this place.
 E = Time spent auto-exploring this place.
 F = Levels seen in this place.
 G = Mean time per level.
                   A        B        C        D        E       F      G
               +--------+--------+--------+--------+--------+-----+--------+
         Total |    433 |    433 |      0 |      0 |    307 |   1 |  433.0 |
       Dungeon |    433 |    433 |      0 |      0 |    307 |   1 |  433.0 |
               +--------+--------+--------+--------+--------+-----+--------+

Top non-repeatable levels by time:
     D:1: 433 daAuts
